 Dungeon Crawl Stone Soup version 0.30.1-11-g7821555f0a (webtiles) character file.

Game seed: 5973091752243722404

747 groovy9 the Cleaver (level 7, 0/59 (61) HPs)
             Began as a Minotaur Fighter on Jan 11, 2024.
             Slain by an ogre
             ... wielding a +0 giant spiked club
              (14 damage)
             ... on level 4 of the Dungeon.
             The game lasted 00:07:43 (2828 turns).

groovy9 the Cleaver (Minotaur Fighter)              Turns: 2828, Time: 00:07:43

HP:   0/59 (61)     AC: 13    Str: 22    XL:     7   Next: 48%
MP:   6/6           EV:  8    Int:  5    God:
Gold: 54            SH:  4    Dex: 10    Spells: 6/6 levels left

rFire   . . .        a - +0 war axe
rCold   . . .        c - +0 buckler
rNeg    . . .        k - +0 chain mail
rPois   .            (helmet restricted)
rElec   .            o - +0 cloak
rCorr   .            (no gloves)
SInv    .            j - +1 pair of boots
Will    .....        (no amulet) Stlth
                     (no ring)
HPRegen 0.29/turn    (no ring)
MPRegen 0.10/turn

%: no passive effects
@: mighty, lightly drained
A: horns 2, retaliatory headbutt
a: no special abilities


You were on level 4 of the Dungeon.
You visited 1 branch of the dungeon, and saw 4 of its levels.

You collected 139 gold pieces.
You spent 85 gold pieces at shops.

Inventory:

Hand Weapons
 a - a +0 war axe (weapon)
Armour
 c - a +0 buckler (worn)
 j - a +1 pair of boots (worn)
 k - a +0 chain mail (worn)
 o - a +0 cloak (worn)
Scrolls
 e - 3 scrolls of fog {unknown}
 f - a scroll of noise {unknown}
 g - 2 scrolls of teleportation {unknown}
 h - a scroll of enchant armour {unknown}
 n - a scroll of identify {unknown}
 q - 2 scrolls of poison {unknown}
 r - a scroll of acquirement {unknown}
Potions
 b - a potion of mutation {unknown}
 i - a potion of ambrosia {unknown}
 l - a potion of brilliance {unknown}
 m - 2 potions of resistance {unknown}
 p - a potion of curing {unknown}
 s - a potion of cancellation {unknown}


   Skills:
 + Level 5.0 Fighting
 * Level 8.7 Axes
 + Level 5.5 Armour
 - Level 3.6 Shields


You had 6 spell levels left.
You didn't know any spells.
Your spell library was empty.

Dungeon Overview and Level Annotations

Branches:
Dungeon (4/15)
 Temple: D:4-7

Altars:
Nemelex Xobeh

Shops:
D:4 *


Innate Abilities, Weirdness & Mutations

You have a pair of horns on your head.
You reflexively headbutt those who attack you in melee.


Message History

You block the adder's attack. You block the gnoll's attack.
The adder attacks as you move away! The adder bites you but does no damage.
The gnoll hits you but does no damage.
You feel very mighty all of a sudden.
The gnoll is no longer moving quickly.
The adder barely misses you. You block the gnoll's attack.
The adder barely misses you.
You slash the adder!
You kill the adder!
The gnoll hits you but does no damage. The gnoll barely misses you.
You barely miss the adder.
The adder is moderately wounded.
The gnoll is no longer moving quickly.
The adder barely misses you. The adder bites you.
* * * LOW HITPOINT WARNING * * *
The gnoll hits you from afar with a +0 spear.
* * * LOW HITPOINT WARNING * * *
You closely miss the adder.
The adder is moderately wounded.
The adder bites you but does no damage. You block the gnoll's attack.
You hit the adder. You headbutt the adder.
You kill the adder!
The gnoll hits you but does no damage.
You slash the gnoll!
You kill the gnoll!
The gnoll hits you but does no damage.
Your Fighting skill increases to level 5!
You closely miss the gnoll. The gnoll barely misses you.
The gnoll hits you with a +0 flail.
* * * LOW HITPOINT WARNING * * *
You closely miss the gnoll. You headbutt the gnoll!
The gnoll is severely wounded.
The gnoll closely misses you. x2
You slice the gnoll!!
You kill the gnoll!
You block the gnoll's attack. The gnoll barely misses you.
You barely miss the ogre. You headbutt the ogre.
The ogre is lightly wounded.
The ogre hits you with a +0 giant spiked club!
You die...

. #......... ..#
#.......#
#..##.......##
####............##
.......#.O........
....... #).#
....... #..#
.......##g.# .#
.......@O..# ..#
....######.# #.# .
#.# #.# #.######.#
#........##
#.........#
##........#
#........##
#.........####


You could see an ogre and a gnoll.

Vanquished Creatures
  Grinder (D:3)
  A steam dragon (D:3)
  A black bear (D:3)
  2 scorpions (D:4)
  A jelly (D:4)
  A gnoll bouda (D:4)
  Jessica (D:3)
  Robin (D:3)
  2 gnolls (D:4)
  4 adders
  A worm (D:4)
  A dart slug (D:1)
  2 orcs (D:3)
  7 endoplasms
  3 giant cockroaches
  9 goblins
  6 hobgoblins
  11 kobolds
  A quokka (D:1)
  5 ball pythons
  6 bats
  A frilled lizard (D:1)
  4 rats
72 creatures vanquished.

Vanquished Creatures (others)
  6 goblins (D:3)
6 creatures vanquished.

Grand Total: 78 creatures vanquished

Notes
Turn   | Place    | Note
-------+----------+-------------------------------------------
     0 | D:1      | groovy9 the Minotaur Fighter began the quest for the Orb.
     0 | D:1      | Reached XP level 1. HP: 19/19 MP: 0/0
   124 | D:1      | Reached XP level 2. HP: 24/27 MP: 1/1
   165 | D:1      | Reached skill level 3 in Axes
   781 | D:2      | Reached XP level 3. HP: 33/33 MP: 2/2
   987 | D:2      | Reached skill level 4 in Axes
  1485 | D:3      | Noticed Jessica
  1492 | D:3      | Killed Jessica
  1493 | D:3      | Reached XP level 4. HP: 36/40 MP: 3/3
  1799 | D:3      | Noticed a black bear
  1808 | D:3      | Killed a black bear
  1809 | D:3      | Reached skill level 5 in Axes
  1809 | D:3      | Reached XP level 5. HP: 37/47 MP: 4/4
  1878 | D:3      | Noticed Robin
  1880 | D:3      | Noticed a steam dragon
  2133 | D:3      | Killed a steam dragon
  2134 | D:3      | Reached skill level 6 in Axes
  2134 | D:3      | Reached XP level 6. HP: 5/53 MP: 5/5
  2309 | D:3      | Killed Robin
  2480 | D:3      | Noticed Grinder
  2487 | D:3      | Killed Grinder
  2488 | D:3      | Reached skill level 7 in Axes
  2488 | D:3      | Reached skill level 5 in Armour
  2488 | D:3      | Reached XP level 7. HP: 51/60 MP: 6/6
  2611 | D:4      | Reached skill level 8 in Axes
  2630 | D:4      | Found Meah's Assorted Antiques.
  2635 | D:4      | Bought a cloak for 85 gold pieces
  2757 | D:4      | Found a sparkling altar of Nemelex Xobeh.
  2825 | D:4      | Reached skill level 5 in Fighting
  2828 | D:4      | Slain by an ogre

Illustrated notes

Levels and vault maps discovered:
D:1:      tarquinn_simple_flora_water_a, layout_loops_cross, chequers_garden
D:2:      layout_basic
D:3:      layout_basic, uniq_jessica, uniq_grinder, uniq_robin
D:4:      layout_basic, led_sif_book, kennysheep_mini_moat,
          lemuel_zombie_altar_yredelemnul, enter_ossuary_4, serial_shops, shop,
          nicolae_shop_competitors_out_of_business, kennysheep_little_box,
          uniq_blork_the_orc

Skill      XL: |  1  2  3  4  5  6  7 |
---------------+----------------------+-----
Axes           | 3 4 5 6 7 8 |  8.7
Armour         | 4 5 |  5.5
Fighting       | 4 5 |  5.0
Shields        | |  3.6

Action                     |  1- 3 |  4- 6 |  7- 9 || total
---------------------------+-------+-------+-------++-------
  Melee: War axe           |    65 |    40 |    37 ||   142
         Headbutt          |     6 |     7 |     8 ||    21
    Use: Potion            |       |       |     1 ||     1
 Armour: Scale mail        |    15 |       |       ||    15
         Chain mail        |    32 |    35 |    25 ||    92
  Dodge: Dodged            |    33 |    14 |    26 ||    73
  Block: Buckler           |    16 |    18 |    13 ||    47
